[ AOE2 MATCH · #513583522 ]
UnrankedHindustanis vs Romans
Rival team · WIN
[ REPLAY ANALYSIS · EXTRACTED FROM THE RECORDED GAME ]
Feudal
19:23
Castle
23:17
Imperial
—
| APM avg | 48.6 |
| APM peak | 84 |
| eAPM avg | 18.2 |
| Villagers / military | 72 / 37 |
Focus
⚔️ 35.4% · 🌾 64.6%
Archer ×29 · Militia ×8
Feudal
15:43
Castle
23:41
Imperial
—
| APM avg | 44.7 |
| APM peak | 79 |
| eAPM avg | 16.2 |
| Villagers / military | 46 / 37 |
Focus
⚔️ 38.7% · 🌾 61.3%
Militia ×31 · Scorpion ×3 · Battering Ram ×3
Match map
Initial resources + every placement click. Lines = walls · curves = elevation contours. ◆ gold · ⬟ stone · ● berries · ✦ relic · ◌ wall gap
Your base· Open — 7t gap
HumPs_AoE's base· Open — unwalled flank
Smoothed initial terrain · ◌ = detected wall gap · hover for details
Inputs per minute
— SlateRS - - HumPs_AoE
Build order — SlateRS
First 150 of 171 actions detected
| 0:01 | Queue | Villager (Male) |
| 0:02 | Queue | Villager (Male) |
| 0:02 | Queue | Villager (Male) |
| 0:03 | Build | House |
| 0:04 | Build | House |
| 0:28 | Queue | Villager (Male) |
| 0:28 | Queue | Villager (Male) |
| 0:28 | Queue | Villager (Male) |
| 1:14 | Queue | Villager (Male) |
| 1:14 | Queue | Villager (Male) |
| 1:29 | Queue | Villager (Male) |
| 1:55 | Queue | Villager (Male) |
| 1:55 | Queue | Villager (Male) |
| 2:15 | Queue | Villager (Male) |
| 2:15 | Queue | Villager (Male) |
| 2:24 | Build | Lumber Camp |
| 2:48 | Queue | Villager (Male) |
| 2:48 | Queue | Villager (Male) |
| 3:07 | Queue | Villager (Male) |
| 3:08 | Queue | Villager (Male) |
| 3:35 | Queue | Villager (Male) |
| 3:35 | Queue | Villager (Male) |
| 3:49 | Build | House |
| 4:00 | Queue | Villager (Male) |
| 4:01 | Queue | Villager (Male) |
| 4:02 | Queue | Villager (Male) |
| 4:02 | Queue | Villager (Male) |
| 4:29 | Queue | Villager (Male) |
| 4:29 | Queue | Villager (Male) |
| 5:03 | Queue | Villager (Male) |
| 5:04 | Queue | Villager (Male) |
| 5:11 | Build | House |
| 5:24 | Queue | Villager (Male) |
| 5:24 | Queue | Villager (Male) |
| 5:25 | Queue | Villager (Male) |
| 5:43 | Build | Barracks |
| 6:42 | Build | Palisade Wall |
| 6:44 | Build | Palisade Wall |
| 6:45 | Build | Palisade Wall |
| 6:47 | Build | Palisade Wall |
| 6:56 | Queue | Villager (Male) |
| 7:06 | Research | Loom |
| 8:07 | Queue | Militia |
| 8:08 | Queue | Militia |
| 8:11 | Queue | Villager (Male) |
| 8:11 | Queue | Villager (Male) |
| 8:12 | Queue | Villager (Male) |
| 8:12 | Queue | Villager (Male) |
| 8:27 | Queue | Villager (Male) |
| 8:42 | Build | House |
| 8:51 | Build | Palisade Wall |
| 8:56 | Queue | Villager (Male) |
| 8:58 | Queue | Villager (Male) |
| 8:59 | Queue | Villager (Male) |
| 9:04 | Queue | Villager (Male) |
| 9:05 | Queue | Villager (Male) |
| 9:16 | Build | House |
| 9:20 | Queue | Villager (Male) |
| 9:25 | Build | Mining Camp |
| 9:27 | Queue | Villager (Male) |
| 9:47 | Queue | Militia |
| 9:47 | Queue | Militia |
| 9:51 | Build | Palisade Wall |
| 9:57 | Build | House |
| 10:33 | Build | House |
| 10:46 | Queue | Villager (Male) |
| 10:50 | Build | Palisade Wall |
| 10:53 | Queue | Villager (Male) |
| 10:57 | Queue | Militia |
| 10:58 | Queue | Militia |
| 10:58 | Queue | Militia |
| 10:58 | Queue | Militia |
| 12:11 | Build | Outpost |
| 12:19 | Build | Mill |
| 12:29 | Build | Palisade Wall |
| 12:42 | Queue | Villager (Male) |
| 13:15 | Build | Mill |
| 13:37 | Build | Farm |
| 13:38 | Build | Farm |
| 13:39 | Build | Farm |
| 13:40 | Build | Farm |
| 14:01 | Queue | Villager (Male) |
| 14:02 | Queue | Villager (Male) |
| 14:02 | Queue | Villager (Male) |
| 14:50 | Build | Farm |
| 14:51 | Queue | Villager (Male) |
| 14:53 | Build | Farm |
| 14:54 | Build | Farm |
| 15:18 | Queue | Villager (Male) |
| 15:23 | Queue | Villager (Male) |
| 15:45 | Queue | Villager (Male) |
| 16:05 | Queue | Villager (Male) |
| 16:11 | Build | Farm |
| 16:11 | Build | Farm |
| 16:12 | Build | Farm |
| 16:12 | Build | Farm |
| 17:02 | Build | House |
| 17:04 | Build | House |
| 17:13 | Research | Feudal Age |
| 17:17 | Queue | Villager (Male) |
| 17:42 | Build | Lumber Camp |
| 17:46 | Build | House |
| 17:47 | Build | Palisade Wall |
| 17:54 | Queue | Villager (Male) |
| 18:15 | Queue | Villager (Male) |
| 18:47 | Build | Palisade Wall |
| 18:57 | Build | Palisade Wall |
| 19:05 | Build | Palisade Wall |
| 19:09 | Build | Palisade Wall |
| 19:16 | Build | Palisade Wall |
| 19:23 | Age | Feudal Age |
| 19:30 | Build | Archery Range |
| 19:35 | Queue | Villager (Male) |
| 19:35 | Queue | Villager (Male) |
| 19:39 | Build | Blacksmith |
| 19:40 | Queue | Villager (Male) |
| 20:12 | Queue | Villager (Male) |
| 20:19 | Build | Watch Tower |
| 20:26 | Research | Fletching |
| 20:33 | Research | Castle Age |
| 20:34 | Queue | Archer |
| 20:34 | Queue | Archer |
| 20:35 | Queue | Archer |
| 20:35 | Queue | Archer |
| 20:47 | Build | Archery Range |
| 20:50 | Queue | Villager (Male) |
| 21:09 | Build | Stone Wall |
| 21:13 | Queue | Villager (Male) |
| 21:19 | Queue | Archer |
| 21:19 | Queue | Archer |
| 21:29 | Queue | Archer |
| 21:29 | Queue | Archer |
| 21:29 | Queue | Archer |
| 21:37 | Build | Stone Wall |
| 21:42 | Queue | Villager (Male) |
| 21:46 | Build | Stone Wall |
| 21:51 | Build | House |
| 21:56 | Queue | Villager (Male) |
| 22:03 | Queue | Archer |
| 22:07 | Queue | Villager (Male) |
| 22:11 | Queue | Archer |
| 22:11 | Queue | Archer |
| 22:26 | Queue | Archer |
| 22:26 | Queue | Archer |
| 22:35 | Queue | Villager (Male) |
| 22:46 | Queue | Archer |
| 22:46 | Queue | Archer |
| 22:50 | Queue | Archer |
| 22:50 | Queue | Archer |
| 23:17 | Age | Castle Age |
Build order — HumPs_AoE
First 150 of 162 actions detected
| 0:01 | Queue | Villager (Male) |
| 0:01 | Queue | Villager (Male) |
| 0:02 | Build | House |
| 0:04 | Build | House |
| 0:25 | Queue | Villager (Male) |
| 0:25 | Queue | Villager (Male) |
| 0:25 | Queue | Villager (Male) |
| 1:35 | Queue | Villager (Male) |
| 1:35 | Queue | Villager (Male) |
| 1:35 | Queue | Villager (Male) |
| 2:02 | Queue | Villager (Male) |
| 2:30 | Queue | Villager (Male) |
| 3:04 | Queue | Villager (Male) |
| 3:15 | Queue | Villager (Male) |
| 3:35 | Build | Barracks |
| 3:59 | Build | House |
| 4:03 | Queue | Villager (Male) |
| 4:23 | Build | House |
| 4:27 | Queue | Militia |
| 4:27 | Queue | Militia |
| 4:27 | Queue | Militia |
| 4:28 | Queue | Militia |
| 4:31 | Queue | Villager (Male) |
| 5:07 | Queue | Villager (Male) |
| 5:29 | Queue | Villager (Male) |
| 5:36 | Queue | Militia |
| 6:06 | Build | Mill |
| 6:20 | Queue | Villager (Male) |
| 6:38 | Build | Palisade Wall |
| 6:39 | Build | Palisade Wall |
| 6:40 | Build | Palisade Wall |
| 6:40 | Build | Palisade Wall |
| 6:41 | Build | Palisade Wall |
| 6:42 | Build | Palisade Wall |
| 6:43 | Build | Palisade Wall |
| 6:44 | Build | Palisade Wall |
| 6:44 | Build | Palisade Wall |
| 6:44 | Build | Palisade Wall |
| 6:45 | Build | Palisade Wall |
| 6:50 | Queue | Villager (Male) |
| 6:56 | Queue | Villager (Male) |
| 7:01 | Queue | Militia |
| 7:01 | Queue | Militia |
| 8:00 | Queue | Villager (Male) |
| 8:00 | Queue | Villager (Male) |
| 8:08 | Queue | Villager (Male) |
| 8:10 | Build | House |
| 8:58 | Queue | Villager (Male) |
| 9:06 | Build | Lumber Camp |
| 9:23 | Build | Mining Camp |
| 9:27 | Queue | Villager (Male) |
| 9:36 | Build | Farm |
| 9:40 | Queue | Villager (Male) |
| 10:01 | Build | House |
| 10:22 | Build | Palisade Wall |
| 10:26 | Build | Palisade Wall |
| 10:27 | Build | Palisade Wall |
| 10:28 | Build | Palisade Wall |
| 10:31 | Queue | Villager (Male) |
| 10:40 | Queue | Villager (Male) |
| 10:51 | Build | Farm |
| 10:53 | Queue | Militia |
| 11:12 | Queue | Villager (Male) |
| 11:37 | Queue | Villager (Male) |
| 11:44 | Build | Farm |
| 11:47 | Build | Mill |
| 12:41 | Queue | Militia |
| 12:42 | Queue | Militia |
| 12:42 | Queue | Militia |
| 12:43 | Queue | Villager (Male) |
| 12:43 | Queue | Villager (Male) |
| 12:46 | Build | Farm |
| 12:48 | Build | Farm |
| 13:31 | Research | Feudal Age |
| 13:58 | Queue | Militia |
| 14:07 | Queue | Villager (Male) |
| 14:11 | Build | Farm |
| 14:12 | Build | Farm |
| 14:23 | Queue | Militia |
| 14:35 | Queue | Militia |
| 14:54 | Build | House |
| 14:56 | Build | House |
| 14:59 | Build | House |
| 15:01 | Build | House |
| 15:12 | Build | Farm |
| 15:13 | Build | Farm |
| 15:14 | Build | Farm |
| 15:29 | Build | Palisade Wall |
| 15:30 | Build | Palisade Wall |
| 15:32 | Build | Palisade Wall |
| 15:43 | Age | Feudal Age |
| 15:44 | Research | Man-at-Arms (upgrade) |
| 15:52 | Build | Palisade Wall |
| 15:54 | Build | Blacksmith |
| 16:01 | Build | Palisade Wall |
| 16:03 | Build | Palisade Wall |
| 16:05 | Build | Palisade Wall |
| 16:06 | Build | Palisade Wall |
| 16:08 | Queue | Villager (Male) |
| 16:11 | Build | Farm |
| 16:36 | Research | Loom |
| 16:42 | Build | Farm |
| 16:45 | Research | Scale Mail Armor |
| 16:56 | Build | Palisade Wall |
| 16:57 | Build | Palisade Wall |
| 17:11 | Queue | Villager (Male) |
| 17:30 | Queue | Villager (Male) |
| 17:35 | Queue | Militia |
| 17:36 | Queue | Militia |
| 17:53 | Build | Palisade Wall |
| 17:55 | Queue | Militia |
| 17:59 | Queue | Militia |
| 18:02 | Research | Horse Collar |
| 18:08 | Build | Farm |
| 18:09 | Build | Farm |
| 18:33 | Queue | Villager (Male) |
| 18:37 | Queue | Militia |
| 18:38 | Queue | Militia |
| 19:07 | Queue | Militia |
| 19:29 | Queue | Villager (Male) |
| 19:30 | Queue | Villager (Male) |
| 19:34 | Research | Double-Bit Axe |
| 19:41 | Build | Market |
| 19:53 | Queue | Villager (Male) |
| 20:23 | Queue | Villager (Male) |
| 20:58 | Research | Castle Age |
| 21:13 | Build | Barracks |
| 21:20 | Queue | Villager (Male) |
| 21:25 | Build | Lumber Camp |
| 21:34 | Build | Farm |
| 21:41 | Build | House |
| 21:50 | Build | Lumber Camp |
| 22:21 | Queue | Militia |
| 22:21 | Queue | Militia |
| 22:21 | Queue | Militia |
| 23:41 | Age | Castle Age |
| 23:44 | Build | Siege Workshop |
| 23:45 | Research | Squires |
| 23:47 | Research | Chain Mail Armor |
| 23:48 | Research | Long Swordsman (upgrade) |
| 23:49 | Queue | Villager (Male) |
| 23:52 | Research | Bow Saw |
| 23:56 | Research | Heavy Plow |
| 24:11 | Queue | Militia |
| 24:31 | Queue | Battering Ram |
| 24:32 | Queue | Battering Ram |
| 24:36 | Queue | Militia |
| 24:38 | Research | Forging |
| 24:39 | Queue | Villager (Male) |
| 24:40 | Build | House |
Match timeline
| 3:35 | HumPs_AoE · first_building Barracks |
| 5:43 | SlateRS · first_building Barracks |
| 6:38 | HumPs_AoE · wall_segment Palisade Wall x1 |
| 6:39 | HumPs_AoE · wall_segment Palisade Wall x1 |
| 6:40 | HumPs_AoE · wall_segment Palisade Wall x1 |
| 6:40 | HumPs_AoE · wall_segment Palisade Wall x1 |
| 6:41 | HumPs_AoE · wall_segment Palisade Wall x1 |
| 6:42 | SlateRS · wall_segment Palisade Wall x1 |
| 6:42 | HumPs_AoE · wall_segment Palisade Wall x1 |
| 6:43 | HumPs_AoE · wall_segment Palisade Wall x1 |
| 6:44 | HumPs_AoE · wall_segment Palisade Wall x1 |
| 6:44 | SlateRS · wall_segment Palisade Wall x1 |
| 6:44 | HumPs_AoE · wall_segment Palisade Wall x1 |
| 6:44 | HumPs_AoE · wall_segment Palisade Wall x1 |
| 6:45 | HumPs_AoE · wall_segment Palisade Wall x1 |
| 6:45 | SlateRS · wall_segment Palisade Wall x1 |
| 6:47 | SlateRS · wall_segment Palisade Wall x1 |
| 8:51 | SlateRS · wall_segment Palisade Wall x1 |
| 9:51 | SlateRS · wall_segment Palisade Wall x1 |
| 10:22 | HumPs_AoE · wall_segment Palisade Wall x1 |
| 10:26 | HumPs_AoE · wall_segment Palisade Wall x1 |
| 10:27 | HumPs_AoE · wall_segment Palisade Wall x1 |
| 10:28 | HumPs_AoE · wall_segment Palisade Wall x1 |
| 10:50 | SlateRS · wall_segment Palisade Wall x1 |
| 12:29 | SlateRS · wall_segment Palisade Wall x1 |
| 15:29 | HumPs_AoE · wall_segment Palisade Wall x1 |
| 15:30 | HumPs_AoE · wall_segment Palisade Wall x1 |
| 15:32 | HumPs_AoE · wall_segment Palisade Wall x1 |
| 15:43 | HumPs_AoE · age_up feudal |
| 15:52 | HumPs_AoE · wall_segment Palisade Wall x1 |
| 16:01 | HumPs_AoE · wall_segment Palisade Wall x2 |
| 16:03 | HumPs_AoE · wall_segment Palisade Wall x2 |
| 16:05 | HumPs_AoE · wall_segment Palisade Wall x2 |
| 16:06 | HumPs_AoE · wall_segment Palisade Wall x2 |
| 16:56 | HumPs_AoE · wall_segment Palisade Wall x1 |
| 16:57 | HumPs_AoE · wall_segment Palisade Wall x1 |
| 17:47 | SlateRS · wall_segment Palisade Wall x6 |
| 17:53 | HumPs_AoE · wall_segment Palisade Wall x1 |
| 18:47 | SlateRS · wall_segment Palisade Wall x1 |
| 18:57 | SlateRS · wall_segment Palisade Wall x1 |
| 19:05 | SlateRS · wall_segment Palisade Wall x1 |
| 19:09 | SlateRS · wall_segment Palisade Wall x1 |
| 19:16 | SlateRS · wall_segment Palisade Wall x1 |
| 19:23 | SlateRS · age_up feudal |
| 19:30 | SlateRS · first_building Archery Range |
| 20:46 | HumPs_AoE · first_market_buy 100 food |
| 20:48 | HumPs_AoE · first_market_sell 100 stone |
| 21:09 | SlateRS · wall_segment Stone Wall x1 |
| 21:37 | SlateRS · wall_segment Stone Wall x1 |
| 21:46 | SlateRS · wall_segment Stone Wall x1 |
| 23:17 | SlateRS · age_up castle |
| 23:41 | HumPs_AoE · age_up castle |
| 23:44 | HumPs_AoE · first_building Siege Workshop |
| 27:08 | SlateRS · resign |
[ AI ANALYSIS · 1 CREDIT ]
What really happened in this match?
Wolo.gg analyzes every decision: build order, eco, micro, common mistakes by bracket. Personalized analysis on WhatsApp or Discord in 30 seconds.
Civ guide
Hindustanis
Perfil
Jugador #405976